[Event "Early-Titled-Tuesday-Blitz-October-24-2023"]
[Site "Chess.com"]
[Date "2023.10.24"]
[Round "9"]
[White "Carow-Kann"]
[Black "rezamahdavi2008"]
[Result "1-0"]
[WhiteElo "2814"]
[BlackElo "2884"]
[TimeControl "180+1"]
[EndTime "9:43:41 PDT"]
[Termination "Carow-Kann won by resignation"]

1. d4 Nf6 2. c4 c5 3. d5 b5 4.
cxb5 a6 5. bxa6 e6 6. Nc3 exd5 7. Nxd5 Be7 8. Nxe7 Qxe7 9. Bf4 d5 10. e3 O-O 11.
Nf3 Rd8 12. Bd3 Bxa6 13. O-O Nc6 14. Bxa6 Rxa6 15. Bg5 h6 16. Bxf6 Qxf6 17. Qc2 c4 18. a3 Rb8 19. Qd2 Rxb2 20. Qxd5 c3 21. Qc4 Na5 22. Qc8+ Kh7 23. Nd4 c2 24. Qc3 Qb6 25. Nxc2 Qb3 26. Qxb3 Nxb3 27. Rab1 Rxc2 28. Rxb3 Ra2 29.
g4 R2xa3 30. Rxa3 Rxa3 31. Kg2 Ra4 32. Kf3 Ra7 33. Rc1 Rb7 34. Rc5 Ra7 35. h4 Rb7 36. h5 Ra7 37. Kf4 Rb7 38. f3 Ra7 39. e4 Rb7 40. Kf5 Rb6 41. e5 g6+ 42. hxg6+ Rxg6 43.
Rc7 Kg7 44. Re7 Rg5+ 45. Ke4 Rg6 46. Rd7 Ra6 47. f4 Rb6 48. Kf5 Ra6 49. Rd6 Ra5 50. Rc6 Rb5 51. Rc4 Ra5 52. Rb4 Rc5 53. Rb7 Ra5 54. Rd7 Rb5 55. Ke4 Rb6 56. f5 Kf8 57.
Rd6 Rb4+ 58. Kf3 Kg7 59. Kg3 Rb3+ 60. Kh4 Rb1 61. e6 fxe6 62. Rxe6 Rb3 63. Rg6+ Kh7 64.
Ra6 Rb7 65. Kh5 Rb1 66. Ra7+ Kg8 67. Kxh6 Rb6+ 68. Kg5 Rb1 69. f6 Rb4 70. Kf5 Rc4 71.
g5 Rb4 72. Kg6 Rb8 73. Rg7+ 1-0

[Event "Early-Titled-Tuesday-Blitz-October-24-2023"]
[Site "Chess.com"]
[Date "2023.10.24"]
[Round "9"]
[White "AsselLesbekova"]
[Black "Eloist"]
[Result "1-0"]
[WhiteElo "2270"]
[BlackElo "2444"]
[TimeControl "180+1"]
[EndTime "9:43:41 PDT"]
[Termination "AsselLesbekova won on time"]

1. e4 e6 2. d4 d5 3. Bd3 dxe4 4. Bxe4 Nf6 5. Bf3 c5 6. Ne2 Nc6 7. Be3 cxd4 8. Nxd4 Ne5 9. Be2 a6 10.
c4 Bb4+ 11. Nc3 Bxc3+ 12. bxc3 O-O 13. O-O Qc7 14. Qb3 Ne4 15. f4 Nc5 16. Qa3 Ned7 17. Bf3 Rb8 18. Nb3 b6 19. Rab1 Bb7 20. Bxb7 Rxb7 21.
Nxc5 bxc5 22. Qxa6 Ra7 23. Qb5 Rxa2 24. Qb7 Qc8 25.
Rfd1 Nf6 26. Qxc8 Rxc8 27. Bxc5 h5 28. Bd4 Ne4 29. Ra1 Rxa1 30. Rxa1 Rxc4 31. Ra3 f6 32. Kf1 Kf7 33. Ke2 Nd6 34. Kd3 Rc7 35. Ra6 Nf5 36. Ra7 Rxa7 37. Bxa7 Ke7 38. Bc5+ Kd7 39. c4 Kc6 40. Bf8 g5 41. fxg5 fxg5 42. Ke4 Nh4 43. g3 Ng6 44. Ba3 Kd7 45. Bc1 g4 46. Bf4 Kc6 47. Be3 Kd6 48. Bd4 Kc6 49. Ke3 Kd6 50. Ke4 Kc6 51. Be3 Kd6 52. Bf4+ e5 53.
Be3 Ke6 54. c5 Ne7 55. Bg5 Nd5 56. c6 Nc3+ 57. Kd3 Nb5 58. Kc4 Nd6+ 59. Kc5 Ne4+ 60. Kb6 1-0

[Event "Early-Titled-Tuesday-Blitz-October-24-2023"]
[Site "Chess.com"]
[Date "2023.10.24"]
[Round "9"]
[White "NovozhilovSemen"]
[Black "Cayse"]
[Result "0-1"]
[WhiteElo "2711"]
[BlackElo "2885"]
[TimeControl "180+1"]
[EndTime "9:43:46 PDT"]
[Termination "Cayse won by resignation"]

1. d4 d5 2. c4 e6 3. Nf3 Nf6 4.
g3 Be7 5. Bg2 O-O 6. O-O c6 7.
Qc2 Nbd7 8. Nbd2 b6 9. e4 Bb7 10. e5 Ne8 11. cxd5 cxd5 12. Re1 Rc8 13. Qa4 a5 14. Bf1 Nc7 15. a3 Nb8 16. Nb1 Qd7 17.
Qxd7 Nxd7 18. Nc3 Ba6 19. Bxa6 Nxa6 20. Nb5 Nc7 21. Na7 Ra8 22. Nc6 Rfe8 23. Nxe7+ Rxe7 24. Bg5 Ree8 25. Rac1 Rec8 26. Rc6 Nb5 27. Rec1 Na7 28.
Rc7 Nf8 29. a4 h6 30. Bd2 b5 31. Rxc8 Nxc8 32. axb5 a4 33. Rc6 Rb8 34. Ra6 Rxb5 35. Rxa4 Rxb2 36. Ra8 Rc2 37. Bb4 Rc6 38. Ne1 Nd7 39. Nd3 Kh7 40. h4 f6 41. f4 h5 42. Nc5 Nxc5 43. Bxc5 Kg6 44. Kf2 Rc7 45. Ra6 Kf5 46. Kf3 Ne7 47. Ra8 Nc6 48. Rh8 Kg6 49. exf6 gxf6 50. g4 hxg4+ 51. Kxg4 Na5 52. h5+ Kg7 53. Re8 Kf7 54. Rf8+ Kg7 55. h6+ Kg6 56. Bd6 Rd7 57. Bb4 Nb3 58. Bc3 Rc7 59. Bb2 Nd2 60.
f5+ exf5+ 61. Kf4 Ne4 62. Ba3 Rh7 63. Rg8+ Kf7 64. Kxf5 Kxg8 65. Kg6 f5 66. Bc1 Rf7 67. Bf4 Rf6+ 68. Kh5 Kh7 0-1

[Event "Early-Titled-Tuesday-Blitz-October-24-2023"]
[Site "Chess.com"]
[Date "2023.10.24"]
[Round "9"]
[White "KononenkoD"]
[Black "Orujov2008"]
[Result "0-1"]
[WhiteElo "2592"]
[BlackElo "2742"]
[TimeControl "180+1"]
[EndTime "9:43:51 PDT"]
[Termination "Orujov2008 won on time"]

1. d4 Nf6 2. c4 e6 3. g3 d5 4. Nf3 Be7 5. Bg2 O-O 6. O-O dxc4 7. Qc2 a6 8. a4 Nc6 9. Qxc4 Na5 10. Qc2 b6 11.
Ne5 Bb7 12. Bxb7 Nxb7 13. Nc6 Qe8 14. a5 Bc5 15. dxc5 Qxc6 16. b4 b5 17. Bb2 Nd5 18. Qb3 f6 19. Nd2 Nd8 20. Rad1 Nf7 21. Nf3 Ne7 22. Nd4 Qd5 23. Qe3 e5 24. Nxb5 Qc6 25. Nc3 Nf5 26. Qe4 Qxe4 27. Nxe4 Rfd8 28. e3 Ne7 29. Bc3 Nd5 30. Bd2 f5 31. Nc3 Nxb4 32.
Nb5 Nd5 33. Nc3 Nf6 34. Na4 Rab8 35. Bc3 Rxd1 36. Rxd1 Rb3 37. f4 Ra3 38. fxe5 Ne4 39. Rb1 Nfg5 40. e6 Nxe6 41. Ra1 Rxa1+ 42. Bxa1 N6xc5 43.
Nxc5 Nxc5 44. Bc3 Kf7 45. Kf1 g6 46. Ke2 Ke6 47. Bg7 Kd5 48. Kd2 Ne4+ 49. Kd3 c5 50. Bh8 c4+ 51. Kc2 Kc5 52. Bd4+ Kb5 53. Bb6 Nc5 54.
Kc3 Nb3 55. Bd8 Nxa5 56. h3 Nb3 57. g4 fxg4 58. hxg4 h5 59. gxh5 gxh5 60. e4 Nc5 61. e5 Ne6 62. Be7 Nf4 63. Kd4 Ng6 64. Bd6 h4 65. e6 h3 66. Kc3 Kc6 0-1

[Event "Early-Titled-Tuesday-Blitz-October-24-2023"]
[Site "Chess.com"]
[Date "2023.10.24"]
[Round "9"]
[White "Szparu"]
[Black "vladgoncharov"]
[Result "1-0"]
[WhiteElo "2703"]
[BlackElo "2579"]
[TimeControl "180+1"]
[EndTime "9:43:53 PDT"]
[Termination "Szparu won on time"]

1. e4 e6 2. d4 d5 3. Nc3 Nc6 4.
e5 f6 5. Bb5 Bd7 6. Nf3 Qe7 7.
O-O O-O-O 8. Re1 Qf7 9. h3 h6 10. Bf4 f5 11. h4 Nge7 12. Qd2 g5 13. hxg5 hxg5 14. Bxg5 Qh5 15. Kf1 Qg4 16. Qf4 Ng6 17. Qxg4 fxg4 18. Bxc6 Rh1+ 19. Ng1 Bxc6 20. Bxd8 Kxd8 21.
g3 Rh2 22. Nge2 Ne7 23. Kg1 Rh5 24. Nf4 Rh6 25. Kg2 Nf5 26. Nce2 Ke7 27. Rh1 Kf7 28. Rxh6 Nxh6 29. Rh1 Bb5 30. Nc1 b6 31. Ncd3 Bd7 32. Nh5 Nf5 33. Nf6 Bb5 34. Nf4 Bg7 35. c3 Bxf6 36.
exf6 Kxf6 37. Rh7 c5 38. Rxa7 cxd4 39. cxd4 Nxd4 40. Rb7 Bc6 41. Rxb6 Ke5 42. Ne2 Nxe2 43. Rxc6 d4 44. Kf1 d3 45. Rc4 Nd4 46. Ke1 Kd5 47. Ra4 e5 48. Kd2 e4 49. Ra5+ Kc4 50. b3+ Kb4 51. Ra4+ Kc5 52. Ke3 Nc2+ 53. Kd2 Nd4 54.
Ra5+ Kb4 55. Rd5 Nf3+ 56. Ke3 Kc3 57. Kxe4 d2 58. Ke3 Kc2 59. Ke2 Ng1+ 60. Kf1 Nf3 61. Ke2 Ng1+ 62. Ke3 d1=Q 63. Rxd1 Kxd1 64. a4 Nf3 65. a5 Nd2 66. a6 Nxb3 67. a7 1-0

[Event "Early-Titled-Tuesday-Blitz-October-24-2023"]
[Site "Chess.com"]
[Date "2023.10.24"]
[Round "9"]
[White "HanSchut"]
[Black "AndrewB92"]
[Result "1-0"]
[WhiteElo "2307"]
[BlackElo "2456"]
[TimeControl "180+1"]
[EndTime "9:44:00 PDT"]
[Termination "HanSchut won on time"]

1. e4 c5 2. Nf3 Nc6 3. d4 cxd4 4. Nxd4 g6 5. c4 Nf6 6. Nc3 d6 7. Be2 Nxd4 8. Qxd4 Bg7 9. Bg5 O-O 10. Qd2 Bd7 11.
Rc1 Bc6 12. f3 Qa5 13. O-O Rfc8 14. Rc2 a6 15. Rb1 b5 16. b4 Qb6+ 17. Be3 Qb7 18. c5 d5 19. exd5 Nxd5 20. Nxd5 Bxd5 21. Rd1 e6 22.
Bd4 Qc6 23. h4 Rd8 24. Bxg7 Kxg7 25. h5 f6 26. Qc3 gxh5 27. Rcd2 Rd7 28. Rd4 Rad8 29.
Rh4 e5 30. Rxh5 Bf7 31. Rxd7 Rxd7 32. Rh2 Rd4 33. Bd3 Bg6 34. Bxg6 hxg6 35. Qc1 g5 36. Qc2 e4 37. fxe4 Qxe4 38. Qxe4 Rxe4 39. a3 Re3 40. Rh3 Re1+ 41. Kf2 Rc1 42. Ke2 Kf7 43. Kd2 Rg1 44. Rg3 Ke6 45. Kd3 Kd5 46. Kc3 Ra1 47.
Rd3+ Ke5 48. Kb2 Rh1 49. Rd2 Rh8 50. Kc3 g4 51. Kd3 f5 52. Ke3 f4+ 53. Kf2 Rf8 54.
Rd6 a5 55. Rb6 axb4 56. axb4 Ra8 57. Rxb5 Ra2+ 58. Kf1 Ra1+ 59. Kf2 g3+ 60. Kf3 Ra3+ 61. Kg4 Ra2 62. c6+ Kd6 63. Rc5 Rxg2 64. c7 Rh2 65.
c8=Q 1-0

[Event "Early-Titled-Tuesday-Blitz-October-24-2023"]
[Site "Chess.com"]
[Date "2023.10.24"]
[Round "9"]
[White "Byniolus"]
[Black "shimastream"]
[Result "0-1"]
[WhiteElo "2806"]
[BlackElo "2982"]
[TimeControl "180+1"]
[EndTime "9:44:02 PDT"]
[Termination "shimastream won by resignation"]

1. d4 h6 2. e4 e6 3. Nf3 d5 4.
Nbd2 Nf6 5. Bd3 c5 6. exd5 exd5 7. c3 Nc6 8. O-O cxd4 9. Nxd4 Nxd4 10. cxd4 Be7 11.
Nf3 O-O 12. Ne5 Qb6 13. Re1 Be6 14. h3 Rac8 15. Be3 Qxb2 16. Rb1 Qxa2 17. Rxb7 Bd6 18. Qa1 Qxa1 19. Rxa1 Rc3 20. Be2 Bb8 21. Rab1 Rcc8 22.
Bb5 Ne4 23. Ba6 Nd6 24. R7b3 Rce8 25. Nc6 Bc7 26. Bf4 Ra8 27. h4 Nb5 28. Be3 Nd6 29.
Bf4 Ne8 30. Be3 Nf6 31. f3 Bb6 32. Kf2 Bd7 33. Bb7 Rae8 34. Ne5 Be6 35. Bc6 Rc8 36. Bb5 Rc2+ 37. Kg1 Rfc8 38. g4 h5 39. g5 Ne8 40.
Bd7 Bxd7 41. Nxd7 Nd6 42. Nxb6 axb6 43. Rxb6 Nf5 44. Bf2 R8c3 45. R6b5 Rxf3 46. Rf1 Rf4 47. Rxd5 Rg4+ 48. Kh1 Nxh4 49. Bxh4 Rxh4+ 50. Kg1 Rg4+ 51. Kh1 Rh4+ 52. Kg1 Rd2 53. Rd8+ Kh7 54. Rxf7 Rg4+ 55. Kf1 Rdxd4 56. Rxd4 Rxd4 57. Rf5 Kg6 58. Rc5 Rf4+ 59. Kg2 Rg4+ 60. Kh3 Rxg5 61. Rc6+ Kh7 62. Rc7 Kh6 63. Rc6+ g6 64. Rc8 Re5 65. Rc1 Re3+ 66. Kh2 h4 67. Rc5 g5 68. Rc3 Rxc3 0-1

[Event "Early-Titled-Tuesday-Blitz-October-24-2023"]
[Site "Chess.com"]
[Date "2023.10.24"]
[Round "9"]
[White "Andrei_Skvortsov"]
[Black "JimDiGrease"]
[Result "0-1"]
[WhiteElo "2666"]
[BlackElo "2872"]
[TimeControl "180+1"]
[EndTime "9:44:06 PDT"]
[Termination "JimDiGrease won by resignation"]

1. e4 c5 2. d4 cxd4 3. Qxd4 Nc6 4. Qd3 e6 5. Nc3 Nf6 6. Bf4 Bc5 7. O-O-O Ng4 8. Nh3 O-O 9. Be2 Nxf2 10. Nxf2 Bxf2 11. Bd6 Re8 12. h4 a6 13. Rdf1 Bd4 14. Qf3 Qf6 15. Qh3 Qd8 16. Qf3 f6 17. Rh3 Ne5 18. Qf4 Qb6 19. Ba3 d6 20. h5 Rf8 21. Rg3 Rf7 22.
Kb1 Bd7 23. Qd2 Bf2 24. Rh3 Bc5 25. Nd1 h6 26. Rb3 Qc7 27. Rc3 Qa5 28. Bxc5 dxc5 29.
Ne3 Rd8 30. Qd6 Bb5 31. Qxc5 b6 32. Qa3 Qxa3 33. Rxa3 Bxe2 34. Re1 Bb5 35. Rc3 Rfd7 36. b3 a5 37. a4 Ba6 38. Kb2 Kf7 39. g3 Ke7 40.
Rg1 Rc8 41. Rxc8 Bxc8 42. Kc3 Rc7+ 43. Kd2 Ba6 44. Rb1 Nf3+ 45. Kc1 Rc5 46. Kb2 Rxh5 47.
Rd1 Rc5 48. Ng4 Ne5 49. Ne3 Bb7 50. Rd4 Rc7 51. g4 Rd7 52. Kc3 Rxd4 53. Kxd4 Nf3+ 54.
Kc4 Ng5 55. Kb5 Bxe4 56. Kxb6 f5 57. gxf5 exf5 58. c4 f4 59. Nd1 Bc2 60. Nf2 Bxb3 61. Kb5 Ne6 62. c5 Nd4+ 63. Kxa5 g5 64. Kb4 Be6 65. a5 Bd5 66. a6 h5 67. Nd3 f3 68. c6 Nxc6+ 69. Kc5 Ke6 70. Nf2 g4 71. Nd1 g3 72. Ne3 f2 73. Nxd5 f1=Q 74. Kxc6 Qxa6+ 0-1

[Event "Early-Titled-Tuesday-Blitz-October-24-2023"]
[Site "Chess.com"]
[Date "2023.10.24"]
[Round "9"]
[White "Mikhail_Golubev"]
[Black "MatthewG-p4p"]
[Result "0-1"]
[WhiteElo "2559"]
[BlackElo "2833"]
[TimeControl "180+1"]
[EndTime "9:44:07 PDT"]
[Termination "MatthewG-p4p won on time"]

1. e4 e6 2. d4 d5 3. Bd3 dxe4 4. Bxe4 Nf6 5. Bf3 c5 6. Ne2 e5 7. dxe5 Qxd1+ 8. Kxd1 Ng4 9. Bxg4 Bxg4 10. f3 Bf5 11. g4 Bd7 12. Nbc3 Bc6 13. Rf1 h5 14. g5 Nd7 15. Bf4 O-O-O 16. Ke1 Be7 17. Rd1 h4 18. h3 Rh5 19. Ne4 Bxe4 20. fxe4 Re8 21. g6 fxg6 22.
Rd5 b6 23. Nc3 c4 24. Bh2 Bb4 25. Rf7 Nxe5 26. Rxa7 Bxc3+ 27. bxc3 Nf3+ 28. Kf2 Rxd5 29. exd5 Nxh2 30. Rxg7 Rf8+ 31. Kg2 Nf3 32. Rxg6 Kb7 33. Rg7+ Ka6 34. d6 Ne5 35. Re7 Ng6 36. Re4 Kb5 37. d7 Rd8 38. a4+ Kc5 39. Rg4 Ne5 40. Rxh4 Rxd7 41.
Rh5 Kd5 42. Kf2 Rf7+ 43. Ke2 Ra7 44. h4 Rxa4 45. Rh8 Ke4 46. h5 Ra2 47. Kd2 Ra1 48.
h6 Rh1 49. h7 Rh2+ 50. Kc1 Rh5 51. Kb2 b5 52. Rb8 Rxh7 53. Rxb5 Rh2 54. Rb7 Nd3+ 55. Kb1 Nc5 56. Re7+ Kd5 57. Re8 Na4 58. Re3 Rf2 59. Kc1 Kc5 60. Kd1 Rf5 61. Kc1 Rd5 62. Rf3 Kb5 63.
Rg3 Nc5 64. Rh3 Rg5 65. Re3 Rg4 66. Kb2 Ne4 67. Ka3 Kc5 68. Ka4 Rg1 69. Ka3 Kd5 70. Kb2 Rg3 0-1

[Event "Early-Titled-Tuesday-Blitz-October-24-2023"]
[Site "Chess.com"]
[Date "2023.10.24"]
[Round "9"]
[White "ilushka"]
[Black "GeorgiosSouleidis"]
[Result "1/2-1/2"]
[WhiteElo "2466"]
[BlackElo "2605"]
[TimeControl "180+1"]
[EndTime "9:44:14 PDT"]
[Termination "Game drawn by repetition"]

1. e4 c5 2. Nf3 e6 3. c4 Nc6 4.
d4 cxd4 5. Nxd4 Qb6 6. Nb3 Nf6 7.
Be3 Qc7 8. N1d2 d6 9. Be2 Be7 10. O-O O-O 11. Rc1 b6 12. f3 Bb7 13. Nb1 Rac8 14. Nc3 Qb8 15. Qd2 Rfd8 16. Rfd1 Ne5 17. Nb5 d5 18. cxd5 Rxc1 19. Qxc1 exd5 20. Bf4 a6 21. Qc3 Nxf3+ 22. Qxf3 dxe4 23. Qf1 Qc8 24. Nd6 Bxd6 25. Rxd6 a5 26. Rxd8+ Qxd8 27. Qd1 Qe8 28. Nd4 Nd5 29. Bg3 h6 30. Nf5 Qe6 31. Nd6 Bc6 32. Bc4 e3 33. Qd3 h5 34. Nf5 e2 35.
Nd4 e1=Q+ 36. Bxe1 Qxe1+ 37. Qf1 Qxf1+ 38. Bxf1 Bd7 39. Be2 g6 40. Bf3 Nb4 41. a3 Nd3 42. b3 Kf8 43. Be4 Nc5 44. Bc2 Ke7 45. Kf2 Kd6 46. Ke3 Ne6 47.
Nf3 Bc6 48. Ne1 Ke5 49. g3 b5 50. Nd3+ Kd6 51. Nf2 b4 52. axb4 axb4 53. Nd3 Nc5 54. Nxb4 Bd7 55. Nd3 Be6 56. Nxc5 Kxc5 57. Ke4 f6 58.
Kf4 g5+ 59. Ke3 h4 60. gxh4 gxh4 61. Kf4 Kb4 62. Bd1 Bxb3 63. Bxb3 Kxb3 64. Kg4 Kc4 65. Kxh4 Kd4 66. Kg4 Ke4 67. h4 f5+ 68. Kg3 Ke3 69.
Kg2 Ke2 70. Kg3 Ke3 71. Kg2 f4 72. h5 Ke2 73. h6 f3+ 74. Kg3 f2 75. h7 f1=Q 76.
h8=Q Qg1+ 77. Kf4 Qe3+ 78. Kg4 Qf3+ 79. Kg5 Qd5+ 80. Kg4 Qf3+ 81. Kg5 Qg3+ 82. Kf5 Qf3+ 83. Kg5 1/2-1/2

[Event "Early-Titled-Tuesday-Blitz-October-24-2023"]
[Site "Chess.com"]
[Date "2023.10.24"]
[Round "9"]
[White "Thunderbolt135"]
[Black "Meri-Arabidze"]
[Result "1/2-1/2"]
[WhiteElo "2738"]
[BlackElo "2603"]
[TimeControl "180+1"]
[EndTime "9:44:20 PDT"]
[Termination "Game drawn - insufficient material"]

1. g3 d5 2. Bg2 Nf6 3. Nf3 e6 4. O-O Be7 5. b3 O-O 6. Bb2 c5 7. c4 Nc6 8. cxd5 Nxd5 9. Nc3 Bf6 10. Rc1 b6 11. Qc2 Nxc3 12. dxc3 Bb7 13. h4 h6 14.
Nd2 Qc7 15. Ne4 Be7 16. e3 f5 17. Nd2 Bf6 18. Rfd1 Rad8 19. Nf3 Ne7 20. c4 Be4 21. Qe2 Bxb2 22. Qxb2 Nc6 23. Qe2 Nb4 24. Ne1 Bxg2 25. Nxg2 e5 26. h5 Rxd1+ 27. Rxd1 Rd8 28. Nh4 Rxd1+ 29. Qxd1 f4 30. a3 Nc6 31. Qd5+ Kh7 32.
Qe4+ Kg8 33. gxf4 Qd7 34. fxe5 Qd1+ 35. Kg2 Qxh5 36. Nf3 Ne7 37. Qa8+ Kh7 38. Qe4+ Qg6+ 39. Qxg6+ Kxg6 40. Nd2 Kf5 41. f4 g5 42. Kf3 gxf4 43. exf4 Ng6 44. Ne4 Nxf4 45. Nd6+ Kxe5 46. Nf7+ Kf6 47.
Nxh6 Nd3 48. Ke4 Nc1 49. b4 Ke6 50. bxc5 bxc5 51. Nf5 Ne2 52. Ne3 Nc3+ 53. Kd3 Na4 54. Ke4 Nb6 55. Kd3 Kd6 56. Kc3 Kc6 57. Kb3 Nd7 58. Nd5 Nb6 59. Ne7+ Kd6 60. Nf5+ Kc6 61. Ne3 Nd7 62. a4 Ne5 63. Nd5 Nd7 64. a5 Ne5 65.
Ne7+ Kb7 66. Ka4 Nxc4 67. Kb5 Nxa5 68. Kxa5 c4 69. Nd5 c3 70. Nxc3 Kc6 71. Na4 a6 72.
Nb6 Kd6 73. Na4 Kc6 74. Kxa6 1/2-1/2

[Event "Early-Titled-Tuesday-Blitz-October-24-2023"]
[Site "Chess.com"]
[Date "2023.10.24"]
[Round "9"]
[White "wanyaland"]
[Black "NMJeevanK"]
[Result "0-1"]
[WhiteElo "2458"]
[BlackElo "2603"]
[TimeControl "180+1"]
[EndTime "9:44:24 PDT"]
[Termination "NMJeevanK won on time"]

1. d4 Nf6 2. c4 e6 3. g3 d5 4. Bg2 Bb4+ 5. Bd2 Bxd2+ 6. Nxd2 O-O 7. Qc2 b6 8. cxd5 exd5 9. Ngf3 Nbd7 10. Ne5 Bb7 11.
Rd1 c5 12. Nxd7 Nxd7 13. dxc5 bxc5 14. O-O Rc8 15. Nc4 Nf6 16. Ne3 Qd7 17. Nxd5 Bxd5 18. e4 Bxe4 19. Bxe4 Qe7 20. Bf5 Rcd8 21. Rde1 Qc7 22. b3 g6 23. Bh3 Rd5 24. Bg2 Rd4 25. Rc1 Rc8 26. Rfd1 Qd6 27. Rxd4 Qxd4 28. h3 h5 29. Qc4 Qe5 30. b4 Nd7 31. Qb5 Qb2 32.
Rd1 Nb6 33. Qa6 Qxb4 34. Qxa7 c4 35. a3 Qb3 36. Rd6 c3 37. Rxb6 Qxb6 38. Qxb6 c2 39. Qe3 c1=Q+ 40. Qxc1 Rxc1+ 41. Bf1 Ra1 42. Kg2 Rxa3 43.
h4 Kg7 44. Be2 Kf6 45. Bc4 Rc3 46. Ba2 Rc7 47. Kf3 Ke5 48. Bb1 Rb7 49. Ba2 Ra7 50. Bc4 f6 51. Bg8 g5 52. hxg5 fxg5 53. Kg2 Kf5 54.
Bc4 Rd7 55. Be2 g4 56. Kf1 Kg5 57. Bc4 h4 58. gxh4+ Kxh4 59. Kg2 Rd2 60. Kf1 Kg5 61. Bb5 Kf4 62. Ba6 Rb2 63. Be2 Rb1+ 64. Kg2 Rb2 65.
Kf1 Ra2 66. Ke1 Ra1+ 67. Kd2 Rg1 68. Bd1 Rg2 69. Ke1 g3 70. fxg3+ Ke3 71. Kf1 Rxg3 72. Ba4 Rg4 73. Bc6 Rc4 74. Bd7 Kf3 75. Ke1 Re4+ 76. Kf1 Rd4 77. Bc6+ Ke3 78. Kg2 Rg4+ 79. Kf1 Rg6 80.
Bb5 Rf6+ 81. Ke1 Rf5 82. Bc4 Rg5 0-1

[Event "Early-Titled-Tuesday-Blitz-October-24-2023"]
[Site "Chess.com"]
[Date "2023.10.24"]
[Round "9"]
[White "viktorgen2021"]
[Black "FREDERICKtheMATE"]
[Result "1/2-1/2"]
[WhiteElo "2452"]
[BlackElo "2590"]
[TimeControl "180+1"]
[EndTime "9:44:31 PDT"]
[Termination "Game drawn by stalemate"]

1. Nf3 Nf6 2. c4 g6 3. g3 Bg7 4.
Bg2 O-O 5. O-O c6 6. Nc3 d5 7.
cxd5 cxd5 8. d4 Nc6 9. Ne5 Bf5 10. Nxc6 bxc6 11. b3 Qa5 12. Na4 Nd7 13. Ba3 Rfe8 14. Rc1 Rac8 15. Re1 e5 16. dxe5 Rxe5 17. Bb2 Ree8 18. Bxg7 Kxg7 19. Qd4+ Kg8 20. e4 dxe4 21.
Bxe4 Nb6 22. Nc5 Rcd8 23. Qa1 Nd5 24. a3 Bxe4 25. Nxe4 Qb6 26. Rcd1 f5 27. Nf6+ Nxf6 28. Qxf6 c5 29. Qc3 Re4 30. Rxe4 fxe4 31. Qc4+ Kf8 32. Rxd8+ Qxd8 33. Qxc5+ Kg8 34. Qc4+ Kg7 35. Qxe4 Qd1+ 36. Kg2 Qxb3 37. Qe7+ Kh6 38. Qxa7 Qd5+ 39. Kg1 Qd1+ 40. Kg2 Qd5+ 41. f3 Qa2+ 42. Kh3 Qe2 43. Qd4 Qf1+ 44.
Kg4 Qa6 45. Qf4+ Kg7 46. Qd4+ Kh6 47. Qe3+ Kg7 48. Kh3 Qc8+ 49. g4 Qa6 50. Kg3 Qd6+ 51. f4 Qa6 52. Qd4+ Kf7 53. Qd5+ Kg7 54. Qe5+ Kf7 55. Qc3 Qf1 56. Qf3 Qg1+ 57. Kh3 Qa7 58. Qb3+ Kf6 59. Qc3+ Kf7 60. Kg3 Qg1+ 61. Kh3 Qf1+ 62.
Kh4 Qf2+ 63. Qg3 Qb2 64. g5 Qa2 65. h3 Qe6 66. Qf3 Qa6 67. Qe3 Qf1 68. Kg3 Qa6 69. h4 Qa4 70. Qf3 Qa6 71. h5 gxh5 72. Qxh5+ Kg7 73.
Qf3 Qa4 74. f5 Qa6 75. f6+ Kf7 76. Qd5+ Kg6 77. Qe4+ Kxg5 78. Qf4+ Kg6 79. f7 Qxa3+ 80.
Kh4 Qf8 81. Qg5+ Kxf7 82. Qf5+ Kg8 83. Qxf8+ Kxf8 84. Kg5 Kg7 85. Kh5 h6 86. Kg4 Kh7 87.
Kh4 Kg6 88. Kg4 h5+ 89. Kh4 Kh6 90. Kh3 Kg5 91. Kg3 h4+ 92. Kh3 Kh5 93. Kh2 Kg4 94. Kg2 h3+ 95. Kh2 Kh4 96. Kh1 Kg3 97. Kg1 h2+ 98.
Kh1 Kh3 1/2-1/2

[Event "Early-Titled-Tuesday-Blitz-October-24-2023"]
[Site "Chess.com"]
[Date "2023.10.24"]
[Round "9"]
[White "chess_blitz00"]
[Black "Kirill_Klukin"]
[Result "1-0"]
[WhiteElo "2511"]
[BlackElo "2625"]
[TimeControl "180+1"]
[EndTime "9:44:39 PDT"]
[Termination "chess_blitz00 won by resignation"]

1. Nf3 Nf6 2. b3 d5 3. Bb2 Bf5 4. h3 e6 5. Nh4 Nbd7 6. Nxf5 exf5 7. e3 g6 8. Be2 Bg7 9. O-O O-O 10. d3 c6 11. Nd2 Re8 12. c4 Qe7 13. Bf3 Ne5 14. Be2 f4 15. exf4 Nxc4 16. dxc4 Qxe2 17. Be5 Qd3 18. Rc1 Rad8 19. Rc3 Qf5 20. Qc2 Qxc2 21. Rxc2 dxc4 22. Nxc4 Nd5 23. Bxg7 Kxg7 24. g3 Nb4 25. Rb2 f6 26. Kg2 Nd3 27. Rd2 Nc5 28. Rfd1 Rxd2 29.
Rxd2 Re7 30. Ne3 Kf7 31. Rc2 Ne4 32. f5 g5 33. Kf3 h5 34. Nc4 Kg7 35. Re2 g4+ 36.
hxg4 hxg4+ 37. Kf4 b5 38. Na5 Kf7 39. Rxe4 Rd7 40.
Re3 Rd2 41. Kxg4 Rxa2 42. Nxc6 Rxf2 43. Nd8+ Kf8 44. Ne6+ Kf7 45. Rd3 Ke7 46. Rc3 Kd6 47. Rd3+ Ke5 48. Re3+ Kd6 49. Re4 a6 50. b4 Rb2 51.
Rf4 Ke5 52. Kf3 Rb3+ 53. Kf2 Rb2+ 54. Kf3 Kd5 55. g4 Rb3+ 56. Kg2 Ke5 57. g5 fxg5 58. Rf3 Kf6 59. Kg3 Rb1 60. Nc7 Rg1+ 61. Kf2 Rd1 62.
Ne8+ Ke7 63. Nc7 Rd2+ 64. Ke3 Rd6 65. Ke4 Rc6 66. Nd5+ Kf7 67. Ke5 g4 68. Rg3 Rc4 69.
Rg2 Kg7 70. f6+ Kf7 71. Rh2 g3 72. Rh7+ Kf8 73. Rg7 Rc1 74. Nf4 Re1+ 75. Kf5 g2 76. Ng6+ Ke8 77. f7+ Kd7 78. f8=Q+ Kc6 79. Ne7+ Kd6 80.
Rxg2 Re5+ 81. Kf6 Re6+ 82. Kf7 Ke5 83. Ng6+ Kf5 84. Kg7+ Ke4 85. Qf4+ Kd5 86. Rd2+ Kc6 87. Qf3+ Kb6 88. Qf2+ Kc6 89. Rc2+ Kd7 90. Qa7+ Kd6 91.
Rc6+ Kxc6 92. Qxa6+ Kd5 93. Qxb5+ Ke4 94. Qc4+ Kf5 95.
Qd5+ 1-0

[Event "Early-Titled-Tuesday-Blitz-October-24-2023"]
[Site "Chess.com"]
[Date "2023.10.24"]
[Round "9"]
[White "Xqswdc"]
[Black "Fan_Of_Chucky"]
[Result "0-1"]
[WhiteElo "2347"]
[BlackElo "2529"]
[TimeControl "180+1"]
[EndTime "9:44:50 PDT"]
[Termination "Fan_Of_Chucky won by checkmate"]

1. e4 c5 2. Nf3 e6 3. b3 d5 4.
exd5 exd5 5. Bb5+ Bd7 6. Qe2+ Qe7 7. O-O Qxe2 8. Bxe2 Be7 9. Nc3 Nf6 10. Ne5 O-O 11. Nxd7 Nbxd7 12. Bb2 a6 13. Rfe1 Rfe8 14. Bf3 d4 15.
Nd5 Nxd5 16. Bxd5 Rab8 17. b4 b6 18. Bc6 Rbd8 19. bxc5 bxc5 20. Ba3 Kf8 21. Rab1 Bd6 22. Rxe8+ Kxe8 23. Re1+ Kf8 24. Rb1 Rb8 25. Rxb8+ Nxb8 26. Bb7 Ke7 27. Kf1 f6 28. h3 c4 29. c3 Bxa3 30.
cxd4 Bb2 31. Bd5 Bxd4 32. Bxc4 Kd6 33. Ke2 a5 34. f4 Nd7 35. g4 h6 36. Kd3 Bg1 37. Ke4 g5 38. fxg5 hxg5 39. Kf5 Bd4 40. d3 Ne5 41. Bb5 Nf3 42. Ke4 Bg1 43. Kxf3 Ke5 44.
Ke2 Kd4 45. Kd2 Bf2 46. Bd7 Bg3 47. Bf5 Bh4 48. Kc2 Bg3 49. Kb3 Bh4 50. Ka4 Be1 51. Kb5 Bd2 52. Kc6 Be1 53. Kd6 Bg3+ 54. Ke6 Be5 55. a4 Ke3 56. Kd5 Bd4 57. Be4 Be5 58. Ke6 Kd4 59. Kd7 Ke3 60. Kc6 Kd4 61. Kb5 Bc7 62. Kc6 Be5 63. Kd7 Ke3 64. Ke6 Kd4 65. Kf5 Ke3 66. h4 gxh4 67. g5 fxg5 68. Kxe5 g4 69. d4 g3 70. d5 h3 71. d6 g2 72. d7 g1=Q 73. d8=Q Qg7+ 74. Kd6 Qd4+ 75. Bd5 Qb4+ 76. Ke6 Qg4+ 77. Kd6 Qb4+ 78. Kd7 Qxa4+ 79. Bc6 Qd4+ 80. Ke7 Qxd8+ 81. Kxd8 h2 82. Kc7 a4 83. Kb6 a3 84. Bd5 a2 85. Bxa2 h1=Q 86. Bc4 Qe1 87.
Bb5 Qd2 88. Bc6 Qd4+ 89. Kc7 Kf4 90. Bd7 Ke5 91. Kd8 Qd6 92. Kc8 Kf6 93. Kd8 Qe7+ 94. Kc8 Ke5 95. Bc6 Kd6 96. Bd7 Qxd7+ 97. Kb8 Kc6 98. Ka8 Qb7# 0-1

[Event "Early-Titled-Tuesday-Blitz-October-24-2023"]
[Site "Chess.com"]
[Date "2023.10.24"]
[Round "9"]
[White "cristiano78"]
[Black "Josgar05"]
[Result "1/2-1/2"]
[WhiteElo "2254"]
[BlackElo "2351"]
[TimeControl "180+1"]
[EndTime "9:45:03 PDT"]
[Termination "Game drawn - insufficient material"]

1. d4 Nf6 2. c4 c5 3. d5 e6 4. Nc3 exd5 5. cxd5 d6 6. Nf3 g6 7. h3 Bg7 8. e4 O-O 9. Bd3 b5 10.
Nxb5 Nxe4 11. O-O a6 12. Na3 Nf6 13. Nc4 Bb7 14. Bf4 Nxd5 15. Bxd6 Re8 16. Bg3 Nb4 17. Be2 Qxd1 18. Raxd1 N8c6 19. Rfe1 Nc2 20. Nd6 Nxe1 21.
Nxb7 Rxe2 22. Nxe1 Rae8 23. Nf3 Nd4 24. Nxc5 Nxf3+ 25. gxf3 Re1+ 26. Rxe1 Rxe1+ 27. Kg2 Bxb2 28. Nxa6 Ra1 29. Nb4 Bc3 30. Nd5 Bd4 31. h4 Rxa2 32. Nf4 h5 33. Nh3 Kf8 34. Ng5 Ke7 35. Ne4 Ke6 36.
Ng5+ Ke7 37. Ne4 f5 38. Ng5 Kf6 39. f4 Bc3 40. Nf3 Ra3 41. Ng5 Bd2 42. Nh7+ Kg7 43.
Ng5 Bc1 44. Ne6+ Kf6 45. Nd4 Bb2 46. Nf3 Ke6 47. Ng5+ Kd5 48. Nf3 Ke4 49. Nd2+ Kd3 50. Nf3 Ke2 51. Ne5 Ra6 52. Nc4 Bc3 53. Ne3 Bd4 54.
Nc4 Rc6 55. Ne5 Re6 56. Nf3 Bc5 57. Ng5 Re7 58. Nh3 Ke1 59. Kf3 Kd1 60. Kg2 Ke2 61. Ng5 Bd4 62. Nh3 Bb6 63. Ng5 Ra7 64. Nf3 Ra3 65.
Ne5 Ra2 66. Nxg6 Ke1 67. Ne7 Bxf2 68. Bxf2+ Rxf2+ 69. Kg3 Rf1 70. Nxf5 Rg1+ 71. Kf3 Rg4 72. Ng3 Rxh4 73. f5 Rh3 74. Kg2 Rh4 75. Kf3 Rh3 76.
Kf4 h4 77. Ne4 Ke2 78. f6 Rf3+ 79. Kg4 h3 80. Ng5 Rxf6 81. Nxh3 Rg6+ 82. Kf4 Re6 83.
Ng5 Re8 84. Ne4 Kd3 85. Nf2+ Kd4 86. Ng4 Rf8+ 87. Kg5 Ke4 88. Nf6+ Ke5 89. Ng4+ Ke6 90. Ne3 Rf3 91. Ng4 Rf1 92. Ne3 Ke5 93. Ng4+ Ke4 94.
Nf6+ Ke5 95. Ng4+ Kd5 96. Ne3+ Kd4 97. Nxf1 1/2-1/2